AoeStats
← Knights hospitaller

Glade

510291757Analyzed
1v1 RM · 20h ago on Sep 30, 2026· 23m 39s· 2 players
Game mode
Random Map
Map size
Tiny (2 player)
Population
200
Speed
Normal
Resources
Standard
Victory
Conquest
Starting age
Dark Age
Ending age
Imperial Age
RankedLock teamsTeams togetherTeam positionsShared explorationLock speedFull tech treeHidden civsTurbo modeCheats
Victory
Defeat
🇫🇷 Goths · France
1198
+14
🇪🇸 Saxons · Spain
1151
-14
baug
10:06 Feudal Age
10:18 Man-at-Arms
11:47 Double-Bit Axe
14:07 Horse Collar
16:32 Forging
17:11 Scale Mail Armor
22:51 Castle Age
21:09 Gold Mining
23:00 Long Swordsman
24:17 Iron Casting
Knights hospitaller
6:54 Loom
9:44 Feudal Age
9:47 Man-at-Arms
10:13 Arson
10:25 Double-Bit Axe
16:28 Wheelbarrow
16:10 Scale Mail Armor
19:53 Forging
Connection lost

Rejoining the realm…

Still unreachable

The connection could not be restored.

Session expired

The server has moved on; the page needs a fresh start.